 Dungeon Crawl Stone Soup version 0.32-a0-665-g3d30ec2550 (webtiles) character file.

Game seed: 11803953556441019178

288288 Konar the Warrior (level 20, 0/153 HPs)
             Began as a Coglin Hunter on Mar 9, 2024.
             Was the Champion of Hepliaklqana.
             Slain by a +0 vampiric war axe (21 damage)
             ... animated by Zenata
             ... on level 1 of the Vaults.
             The game lasted 00:52:48 (35668 turns).

Konar the Warrior (Coglin Hunter)                  Turns: 35668, Time: 00:52:48

Health: 0/153      AC:  6    Str: 13    XL:     20   Next: 69%
Magic:  34/36      EV: 30    Int: 13    God:    Hepliaklqana [******]
Gold:   4467       SH:  0    Dex: 29    Spells: 19/19 levels left

rFire   + + +        t - +9 hand cannon of the Mashing Gods {penet, rF+++ MP+9 Str-4 Stlth+}
rCold   . . .        W - +8 hand cannon (flame) {Eunwoo}
rNeg    . . .        e - +4 robe of Augmentation {Str+4 Int+4 Dex+4}
rPois   .            X - melded +2 helmet
rElec   .            u - melded +0 cloak
rCorr   .            f - melded +1 pair of gloves
SInv    .            H - melded +1 pair of boots {Fly}
Will    ++...        (amulet unavailable)
Stlth   +++          (ring unavailable)
HPRegen 0.45/turn    (ring unavailable)
MPRegen 0.25/turn    Q - supersubsystem LR-10 {Gadgeteer, Will+ Slay+3}

%: no passive effects
@: lethally poisoned (0 -> -5), beast-form, studying Short Blades, revving
A: beast (slay +4), reduced essence, off-hand wielding, slow wielding, warmup
strikes, no jewellery
}: 2/15 runes: decaying, serpentine
a: Begin Untransformation, Renounce Religion, Recall Ancestor, Ancestor
Identity, Transference, Idealise


You were on level 1 of the Vaults.
You worshipped Hepliaklqana.
Hepliaklqana was exalted by your worship.
You were a hulking beast.
You visited 8 branches of the dungeon, and saw 35 of its levels.
You also visited: Bailey and Ice Cave.

You collected 4945 gold pieces.
You spent 478 gold pieces at shops.

Inventory:

Hand Weapons
 a - a +3 sling of freezing {Daichi}
 h - a +7 sling of electrocution {Fikile}
 t - the +9 hand cannon of the Mashing Gods (weapon) {penet, rF+++ MP+9 Str-4 Stlth+}
   (You acquired it on level 6 of the Dungeon)

   Str-4:     It affects your strength (-4).
   rF+++:     It renders you almost immune to fire.
   MP+9:      It affects your magic capacity (+9).
   Stlth+:    It makes you more stealthy.
 W - a +8 hand cannon of flaming (offhand) {Eunwoo}
Missiles
 A - 2 throwing nets
Armour
 e - the +4 robe of Augmentation (worn) {Str+4 Int+4 Dex+4}
   (You found it on level 5 of the Dungeon)

   Str+4:     It affects your strength (+4).
   Int+4:     It affects your intelligence (+4).
   Dex+4:     It affects your dexterity (+4).
 f - a +1 pair of gloves (melded)
 i - a +2 ring mail of poison resistance
 u - a +0 cloak (melded)
 G - the +0 robe of Midsummer {rElec rCorr Str+4 Stlth+}
   (You took it off a gnoll in a bailey)

   Str+4:     It affects your strength (+4).
   rElec:     It insulates you from electricity.
   rCorr:     It protects you from acid and corrosion.
   Stlth+:    It makes you more stealthy.
 H - a +1 pair of boots of flying (melded)
 P - +0 gold dragon scales
 S - a +2 robe of resistance
 U - a +1 robe of willpower
 X - a +2 helmet (melded)
 Z - a scarf of invisibility
Gizmo
 Q - a supersubsystem LR-10 (installed) {Gadgeteer, Will+ Slay+3}
   (You invented it yourself on level 5 of the Lair of Beasts)

   [supersubsystem LR-10]

   Gadgeteer: Your evocable items recharge 30% faster and wands have a 30%
   chance to not spend a charge.
   Slay+3:    It affects your accuracy & damage with ranged weapons and melee
   (+3).
   Will+:     It increases your willpower.
Talismans
 M - a beast talisman (active)
Wands
 l - a wand of flame (68)
 v - a wand of mindburst (21)
 x - a wand of acid (10)
 y - a wand of roots (51)
 D - a wand of paralysis (26)
 O - a wand of polymorph (13)
 R - a wand of digging (11)
Scrolls
 c - 5 scrolls of revelation
 k - 6 scrolls of noise
 m - a scroll of fear
 o - 12 scrolls of teleportation
 B - a scroll of silence
 C - 3 scrolls of immolation
 E - 4 scrolls of poison
 F - a scroll of fog
 J - 3 scrolls of vulnerability
 K - 19 scrolls of identify
 L - a scroll of blinking
 N - 4 scrolls of amnesia
 V - 2 scrolls of butterflies
Potions
 b - 5 potions of resistance
 d - 3 potions of attraction
 g - 12 potions of curing
 j - 9 potions of enlightenment
 q - 3 potions of brilliance
 s - 3 potions of ambrosia
 w - 2 potions of cancellation
 z - 2 potions of mutation
 I - 2 potions of magic
 T - 6 potions of lignification
Miscellaneous
 n - a lightning rod (4/4)
 r - a phantom mirror
 Y - a tin of tremorstones (2/2)


   Skills:
 + Level 18.1 Fighting
 - Level 18.0 Ranged Weapons
 + Level 16.7 Dodging
 - Level 0.7 Stealth
 - Level 10.0 Invocations
 - Level 17.8 Evocations
 - Level 7.0 Shapeshifting


You had 19 spell levels left.
You didn't know any spells.
Your spell library contained the following spells:

 Spells                   Type           Power      Damage    Failure   Level
 Foxfire                  Conj/Fire      0%         2x1d4     30%         1
 Kiss of Death            Conj/Necr      0%         2d5       30%         1
 Necrotise                Necr           0%         1d4       30%         1
 Lesser Beckoning         Tloc           0%         N/A       43%         2
 Mercury Vapours          Alch/Air       0%         N/A       43%         2
 Scorch                   Fire           0%         2d5       43%         2
 Sublimation of Blood     Necr           0%         N/A       43%         2
 Confusing Touch          Hex            0%         N/A       67%         3
 Dazzling Flash           Conj/Hex       0%         N/A       67%         3
 Fugue of the Fallen      Necr           0%         N/A       67%         3
 Gell's Gravitas          Tloc           0%         N/A       67%         3
 Hailstorm                Conj/Ice       0%         3d5       67%         3
 Inner Flame              Hex/Fire       0%         N/A       67%         3
 Mephitic Cloud           Conj/Alch/Air  0%         N/A       67%         3
 Ozocubu's Armour         Ice            0%         N/A       67%         3
 Summon Ice Beast         Ice/Summ       0%         N/A       67%         3
 Teleport Other           Tloc           0%         N/A       67%         3
 Vampiric Draining        Necr           0%         2d6       67%         3
 Volatile Blastmotes      Fire/Tloc      0%         2d10      67%         3
 Dispel Undead            Necr           0%         3d6       97%         4
 Flame Wave               Conj/Fire      0%         2d4       97%         4
 Manifold Assault         Tloc           0%         N/A       97%         4
 Martyr's Knell           Necr/Summ      0%         N/A       97%         4
 Petrify                  Alch/Erth      0%         N/A       97%         4
 Sticky Flame             Fire/Alch      0%         2d4       97%         4
 Vhi's Electric Charge    Tloc/Air       0%         N/A       97%         4
 Arcjolt                  Conj/Air       0%         1d10      100%        5
 Curse of Agony           Necr           0%         N/A       100%        5
 Freezing Cloud           Conj/Ice/Air   0%         6-21      100%        5
 Irradiate                Conj/Alch      0%         3d11      100%        5
 Summon Forest            Summ/Tloc      0%         N/A       100%        5
 Eringya's Noxious Bog    Alch           0%         4d6       100%        6
 Plasma Beam              Fire/Air       0%         2x1d10    100%        6
 Sculpt Simulacrum        Ice/Alch       0%         N/A       100%        6
 Starburst                Conj/Fire      0%         6d3       100%        6
 Summon Cactus Giant      Summ           0%         N/A       100%        6
 Summon Hydra             Summ           0%         N/A       100%        7
 Maxwell's Capacitive Co  Air            0%         ∞         100%        8
 Fire Storm               Conj/Fire      0%         5d1       100%        9


Dungeon Overview and Level Annotations

Branches:
Dungeon (15/15)            Temple (1/1) D:5            Lair (5/5) D:10
  Swamp (4/4) Lair:3        Snake (4/4) Lair:3        Slime (0/5) Lair:4
    Orc (2/2) D:12            Elf (3/3) Orc:2        Vaults (1/5) D:13
 Depths (0/4) D:15         Bailey (visited)           IceCv (visited)

Altars:
Ashenzari
Cheibriados
Dithmenos
Elyvilon
Fedhas
Gozag
Hepliaklqana
Kikubaaqudgha
Makhleb
Nemelex Xobeh
Okawaru
Qazlal
Ru
Sif Muna
Trog
Uskayaw
Vehumet
Wu Jian
Xom
Yredelemnul
Zin
The Shining One
Beogh

Shops:
D:4 !   D:8 (   Orc:2 :?**   Elf:1 ((   Elf:2 (   Snake:1 :[:(   Snake:4 =

Annotations:
D:8 2 transporters, TobyConnect's ghost, novice OpFi
Vaults:1 39 runed translucent doors, Fubrub's ghost, veteran GnWr; Zenata


Innate Abilities, Weirdness & Mutations

You are a hulking beast.
Your limbs bulge with bestial killing power. (Slay +4)
Your life essence is reduced to manifest your ancestor. (-10% HP)
You can wield a second weapon in your off-hand.
It takes a long time for you to wield or remove held weapons.
Your first few attacks do less damage.
You cannot equip rings or amulets.


Message History

You shoot a slug. The slug hits the +5 trident of venom!!
The slug burns the +5 trident of venom.
The +5 trident of venom is almost destroyed.
You shoot a slug.
The slug pierces through the +5 trident of venom!!
You destroy the +5 trident of venom!
The +5 trident of venom disappears in a puff of smoke!
The slug pierces through Zenata!
Zenata is heavily wounded.
The slug pierces through the +4 battleaxe of freezing!!
The +4 battleaxe of freezing is severely damaged.
You feel very sick.
Fire: t) +9 hand cannon of the Mashing Gods {penet, rF+++ MP+9 Str-4 Stlth+}
Press: ? - help, Q - select action, (/) - cycle Shift-Dir - straight line, f - +0 flail of protection, p - Zenata
Aim: a +0 flail of protection (summoned, fast, 71% to hit)
You shoot a slug.
The slug pierces through the +0 vampiric war axe!
The +0 vampiric war axe is heavily damaged.
The slug pierces through Zenata.
Zenata is heavily wounded.
The slug barely misses the +0 flail of protection.
You shoot a slug. The slug hits the +0 vampiric war axe!
The +0 vampiric war axe is almost destroyed.
You feel sick.
Zenata sends weapons flying into battle!
Fire: t) +9 hand cannon of the Mashing Gods {penet, rF+++ MP+9 Str-4 Stlth+}
Press: ? - help, Q - select action, (/) - cycle Shift-Dir - straight line, f - Zenata
Aim: Zenata, wielding a +4 triple sword and wearing a +1 ring mail of cold resistance (heavily wounded, 84% to hit)
You shoot a slug. The slug hits the +2 heavy mace!!
The slug burns the +2 heavy mace.
You destroy the +2 heavy mace!
The +2 heavy mace disappears in a puff of smoke!
You shoot a slug. The slug closely misses Zenata.
The slug closely misses the +0 heavy glaive.
You feel very sick.
The +0 heavy glaive disappears in a puff of smoke!
The +4 battleaxe of freezing disappears in a puff of smoke!
The +0 vampiric war axe hits you!!
You die...
Hepliaklqana delivers you to your ancestors.

..###ß.ß### #......# #
#.#.ß...ß.# #......######### #
#.'.......######'####.......#####
#.#.ß...ß.'.........#...(...#.§..
..###ß.ß###.........#§§.....'.###
#.# #...# #........(a§......#.#^#
#.# ##### #.........#.......#.###
#.# #....§°☼§.#.......#.... #.#
#....○h(..#.......##### #.#
###########.......# #.# #.......#
#.# #.......# ..# ######### ###


You could see Zenata and 2 dancing weapons.

Vanquished Creatures
  A thorn hunter (Swamp:4)
  Agnes (D:14)
  4 nagarajas (Snake:4)
  Donald (Swamp:4)
  Roxanne (Elf:1)
  3 fenstrider witches (Swamp:4)
  A vault warden (Vaults:1)
  A ghoul (Swamp:4)
  3 ironbound preservers (Vaults:1)
  A deep elf death mage (Elf:1)
  4 eleionomae
  3 dire elephants (Vaults:1)
  A deep elf demonologist (Elf:1)
  6 bunyips
  Snorg (Orc:2)
  A blizzard demon (Swamp:4)
  Josephine (D:15)
  A great orb of eyes (Vaults:1)
  2 entropy weavers (Vaults:1)
  7 alligators
  A caustic shrike simulacrum (IceCv)
  3 salamander tyrants
  6 catoblepae
  8 ogre magi
  7 hydras
  3 ghost crabs
  12 anacondas
  9 centaur warriors
  A sphinx zombie (D:15)
  16 dancing weapons (Elf:2)
  6 boulder beetles
  11 death yaks (Lair:5)
  15 two-headed ogres
  7 naga sharpshooters
  3 tengu warriors (D:15)
  A vampire mage (D:15)
  2 soul eaters (Swamp:4)
  13 naga warriors
  6 orc high priests (Orc:2)
  3 shock serpents
  11 deep elf knights
  2 skysharks
  5 goliath frogs
  A sixfirhy (Swamp:4)
  10 deep trolls (Vaults:1)
  3 skeletal warriors
  3 salamander mystics
  4 spriggan druids
  An obsidian statue (IceCv)
  An arcanist (Swamp:4)
  10 bog bodies
  20 mana vipers
  8 naga ritualists
  2 spriggan simulacra (IceCv)
  6 swamp dragons
  3 thermic dynamos (Elf:1)
  3 harpies (Vaults:1)
  2 ironbound convokers (Vaults:1)
  8 deep elf archers
  18 deep elf zephyrmancers
  A necromancer (D:15)
  An oklob plant (Lair:3)
  2 orc knights
  16 deep elf pyromancers
  3 orc sorcerers
  A will-o-the-wisp (Swamp:1)
  8 cyclopes
  4 manticores
  3 elephants (Lair:2)
  4 ugly things
  11 salamanders
  3 vault sentinels (Vaults:1)
  2 ice statues (Swamp:1)
  2 guardian serpents
  32 black mambas
  A kobold blastminer (Orc:2)
  A torpor snail (Lair:1)
  A smoke demon (Swamp:4)
  An orange demon (Swamp:4)
  18 naga magi
  2 rust devils (D:10)
  A gargoyle (D:10)
  3 centaur skeletons (D:13)
  4 rime drakes
  10 cane toads
  An unseen horror (D:11)
  5 freezing wraiths (IceCv)
  2 kobold demonologists
  2 komodo dragons (Lair:5)
  13 yaktaurs
  An anaconda simulacrum (IceCv)
  Psyche (D:8)
  3 tengu conjurers
  An ice devil (D:10)
  3 golden dragon simulacra (IceCv)
  3 red devils (D:10)
  5 trolls
  A polar bear (Lair:2)
  8 tyrant leeches
  2 bloated husks
  5 hellwings
  A polar bear (shapeshifter) (Elf:2)
  5 hornets
  6 blink frogs
  A centaur simulacrum (D:15)
  A shadow (D:13)
  3 air elementals (Elf:1)
  16 slime creatures
  A ynoxinul (D:10)
  A culicivora (Vaults:1)
  6 spriggans
  4 water elementals
  2 wyverns (Lair:5)
  A spriggan skeleton (D:15)
  A spriggan (shapeshifter) (D:10)
  A human (shapeshifter) (D:15)
  31 yaks
  6 wraiths
  A vampire (D:12)
  A dire elephant simulacrum (IceCv)
  2 fire elementals (Elf:2)
  A hog (Elf:1)
  A steam dragon (Lair:2)
  2 chaos spawn (D:10)
  5 basilisks
  A redback (Vaults:1)
  11 wargs
  5 vampire mosquitoes
  8 swamp worms
  49 nagas
  2 acid dragons
  11 water moccasins
  3 hydra simulacra (IceCv)
  22 orc warriors
  2 swamp drakes (Swamp:4)
  A sky beast (D:8)
  An ettin simulacrum (IceCv)
  A black bear (Lair:2)
  2 ice beasts
  7 ogres
  6 laughing skulls
  5 wolves (Lair:2)
  18 centaurs
  A phantom (D:6)
  2 kobold brigands
  12 bullfrogs
  8 earth elementals
  4 scorpions
  12 killer bees
  5 electric eels
  4 howler monkeys
  A bombardier beetle (D:5)
  A hound (D:5)
  A gnoll bouda (D:9)
  21 orc priests
  Ijyb (D:3)
  4 iguanas
  Natasha (twice) (D:3)
  18 orc wizards
  Robin (D:3)
  8 adders
  13 gnolls
  A white imp (D:7)
  5 dart slugs
  2 ribbon worms
  77 orcs
  5 endoplasms
  4 giant cockroaches
  12 goblins
  8 hobgoblins
  2 jackals (D:3)
  5 quokkas
  6 ball pythons
  A frilled lizard (D:3)
  25 kobolds
  3 rats
1019 creatures vanquished.

Vanquished Creatures (collateral kills)
  Nikola (Swamp:1)
  Rupert (D:14)
  Kirke (Elf:1)
  A fenstrider witch (Swamp:4)
  A nagaraja (Snake:4)
  A vault warden (Vaults:1)
  2 ghouls (Swamp:4)
  2 ironbound preservers (Vaults:1)
  2 deep elf death magi
  A dire elephant (Vaults:1)
  A blizzard demon (Swamp:4)
  2 yaktaur captains
  A deep elf high priest (Elf:2)
  A caustic shrike simulacrum (IceCv)
  A hydra (Swamp:4)
  An ogre mage (Orc:2)
  An ironbound frostheart (Vaults:1)
  3 anacondas
  3 alligators
  4 dancing weapons
  2 two-headed ogres
  2 boulder beetles
  6 naga sharpshooters
  4 death yaks (Lair:5)
  6 deep elf knights
  A spriggan (Swamp:1)
  2 naga warriors
  A salamander mystic (Snake:4)
  A skeletal warrior (D:15)
  A spriggan druid (Swamp:3)
  2 goliath frogs
  2 swamp dragons (Swamp:4)
  3 slime creatures
  3 deep elf archers
  A thermic dynamo (Elf:1)
  A mana viper (Snake:2)
  An obsidian statue (IceCv)
  A bog body (Swamp:4)
  An ironbound convoker (Vaults:1)
  A harpy (Vaults:1)
  4 deep elf zephyrmancers
  An orc knight (Orc:2)
  3 deep elf pyromancers
  3 salamanders
  2 elephants (Lair:2)
  A will-o-the-wisp (Swamp:4)
  3 black mambas
  An orange demon (D:10)
  A guardian serpent (Snake:4)
  A vault sentinel (Vaults:1)
  A naga mage (Snake:4)
  A kobold demonologist (D:11)
  4 cane toads
  A gargoyle (D:9)
  An efreet (D:14)
  A komodo dragon (Lair:3)
  A yaktaur (D:13)
  A golden dragon simulacrum (IceCv)
  A red devil (D:10)
  4 trolls
  A hornet (Swamp:1)
  Prince Ribbit (D:8)
  An air elemental (Elf:1)
  A shadow (D:11)
  A wraith (D:12)
  8 yaks
  A vampire (D:12)
  A wyvern (D:9)
  A hog (Elf:1)
  2 wargs (Orc:2)
  A yak (shapeshifter) (Elf:1)
  2 redbacks (Vaults:1)
  2 vampire mosquitoes
  A chaos spawn (Swamp:4)
  A swamp worm (Swamp:1)
  7 nagas
  A hydra simulacrum (IceCv)
  4 water moccasins
  5 orc warriors
  2 ogres (Orc:2)
  A phantom (D:6)
  A bullfrog (Lair:3)
  A gnoll sergeant (D:7)
  A scorpion (D:5)
  A killer bee (D:9)
  An orc priest (D:6)
  A gnoll bouda (D:5)
  2 iguanas (D:5)
  Natasha (D:3)
  4 orc wizards
  A boggart skeleton (D:13)
  2 adders
  5 gnolls
  A white imp (D:5)
  12 orcs
  3 goblins
  4 hobgoblins
195 creatures vanquished.

Vanquished Creatures (others)
  A deep elf knight (Elf:2)
  4 humans (Elf:1)
  19 battlemagi
  An ancestor (D:3)
  2 foxfires (Swamp:1)
27 creatures vanquished.

Grand Total: 1241 creatures vanquished

Notes
Turn   | Place    | Note
-------+----------+-------------------------------------------
     0 | D:1      | Konar the Coglin Hunter began the quest for the Orb.
     0 | D:1      | Reached XP level 1. HP: 16/16 MP: 1/1
   269 | D:1      | Reached XP level 2. HP: 20/22 MP: 2/2
   995 | D:2      | Reached XP level 3. HP: 27/27 MP: 3/3
  1685 | D:3      | Found a faded altar of an unknown god.
  1697 | D:3      | Prayed at the altar of an unknown god.
  1697 | D:3      | Became a worshipper of Hepliaklqana the Forgotten
  1697 | D:3      | Reached * piety under Hepliaklqana
  1731 | D:3      | Found a shimmering altar of Xom.
  1765 | D:3      | Noticed Natasha
  1769 | D:3      | Killed Natasha
  1770 | D:3      | Reached skill level 5 in Ranged Weapons
  1770 | D:3      | Reached XP level 4. HP: 20/29 MP: 4/4
  1861 | D:3      | Noticed Ijyb
  1877 | D:3      | Killed Ijyb
  1898 | D:3      | Noticed Natasha
  1906 | D:3      | Killed Natasha
  1907 | D:3      | Reached XP level 5. HP: 10/34 MP: 5/5
  1936 | D:3      | Noticed Natasha
  1944 | D:3      | Killed Natasha
  2073 | D:3      | Found a bloodstained altar of Trog.
  2106 | D:3      | Noticed an ice beast
  2235 | D:3      | Killed an ice beast
  2236 | D:3      | Reached XP level 6. HP: 39/39 MP: 6/6
  2341 | D:3      | Found a shimmering blue altar of Sif Muna.
  2527 | D:3      | Found a shadowy altar of Dithmenos.
  2527 | D:3      | Noticed Robin
  2806 | D:3      | Killed Robin
  3662 | D:4      | Reached ** piety under Hepliaklqana
  3663 | D:4      | Remembered your ancestor Arma as a battlemage
  3781 | D:4      | Found Nyelac's Distillery.
  3790 | D:4      | Bought 2 potions of heal wounds for 120 gold pieces
  3790 | D:4      | Bought a potion of brilliance for 48 gold pieces
  4111 | D:5      | Entered Level 5 of the Dungeon
  4232 | D:5      | Reached XP level 7. HP: 45/45 MP: 7/7
  4326 | D:5      | Found the +4 robe of Augmentation {Str+4 Int+4 Dex+4}
  4354 | D:5      | Found a staircase to the Ecumenical Temple.
  4366 | Temple   | Entered the Ecumenical Temple
  4393 | D:5      | Found a basalt altar of Yredelemnul.
  4394 | D:5      | Identified the +2 leather armour of Whack-A-Mole {Str+5
                  | Slay+2}
  4576 | D:5      | Found a radiant altar of Vehumet.
  4735 | D:6      | Reached *** piety under Hepliaklqana
  4738 | D:6      | Reached XP level 8. HP: 50/50 MP: 8/8
  4919 | D:6      | Identified the +1 long sword of the Vulture {elec, Will+
                  | rCorr Int-2 Stlth+}
  4925 | D:6      | Identified a scroll of acquirement
  4925 | D:6      | Acquired the +9 hand cannon of the Mashing Gods {penet,
                  | rF+++ MP+9 Str-4 Stlth+}
  5044 | D:6      | Reached skill level 10 in Ranged Weapons
  5231 | D:6      | Found a stormy altar of Qazlal.
  5231 | D:6      | Found an ornate altar of the Wu Jian Council.
  5398 | D:7      | Reached XP level 9. HP: 54/54 MP: 9/9
  5552 | D:7      | Found a burning altar of Makhleb.
  5690 | D:7      | Found a blossoming altar of Fedhas.
  5691 | D:7      | Found an ancient bone altar of Kikubaaqudgha.
  6328 | D:8      | Noticed Prince Ribbit
  6331 | D:8      | Killed Prince Ribbit
  6387 | D:8      | Noticed Psyche
  6391 | D:8      | Killed Psyche
  6392 | D:8      | Reached XP level 10. HP: 57/60 MP: 10/10
  6533 | D:8      | Found Fasunus's Hydra Hut.
  6535 | D:8      | Noticed a seven-headed hydra
  6559 | D:8      | Noticed TobyConnect's ghost (novice OpFi)
  6561 | D:8      | Noticed a two-headed ogre
  6903 | D:8      | Found a transporter.
  6903 | D:8      | Found a transporter.
  7082 | D:9      | Reached **** piety under Hepliaklqana
  7118 | D:9      | Reached skill level 1 in Invocations
  7434 | D:9      | Noticed a gargoyle
  7440 | D:9      | Killed a gargoyle
  7492 | D:9      | Found a broken altar of Ashenzari.
  7493 | D:9      | Found an iron altar of Okawaru.
  7586 | D:10     | Entered Level 10 of the Dungeon
  7658 | D:10     | Found a flagged portal.
  7684 | Bailey   | Entered a bailey
  7770 | Bailey   | Identified the +1 robe "Pekkin" {Int+6 Dex-4}
  7830 | Bailey   | Identified the +0 robe of Midsummer {rElec rCorr Str+4
                  | Stlth+}
  7849 | Bailey   | Reached XP level 11. HP: 64/64 MP: 14/14
  8067 | D:10     | Reached skill level 5 in Invocations
  8076 | D:10     | Noticed a two-headed ogre
  8078 | D:10     | Killed a two-headed ogre
  8086 | D:10     | Noticed an orc knight
  8094 | D:10     | Noticed a two-headed ogre
  8096 | D:10     | Killed an orc knight
  8096 | D:10     | Noticed a boulder beetle
  8098 | D:10     | Killed a two-headed ogre
  8099 | D:10     | Noticed a two-headed ogre
  8105 | D:10     | Killed a two-headed ogre
  8106 | D:10     | Killed a boulder beetle
  8179 | D:10     | Found the +5 Lochaber axe {reach-cleave, Poleaxe ^Drain}
  8278 | D:10     | Found a staircase to the Lair.
  8464 | D:10     | Reached skill level 15 in Ranged Weapons
  8466 | D:10     | Reached XP level 12. HP: 70/70 MP: 18/18
  8811 | D:11     | Noticed a boulder beetle
  8820 | D:11     | Killed a boulder beetle
  9008 | D:11     | Noticed a boulder beetle
  9014 | D:11     | Killed a boulder beetle
  9444 | D:11     | Noticed a two-headed ogre
  9448 | D:11     | Killed a two-headed ogre
  9986 | D:12     | Reached skill level 10 in Invocations
 10027 | D:12     | Noticed a two-headed ogre
 10032 | D:12     | Killed a two-headed ogre
 10033 | D:12     | Reached ***** piety under Hepliaklqana
 10053 | D:12     | Found a staircase to the Orcish Mines.
 10201 | D:12     | Noticed a boulder beetle
 10205 | D:12     | Killed a boulder beetle
 10700 | Lair:1   | Entered Level 1 of the Lair of Beasts
 10740 | Lair:1   | Reached XP level 13. HP: 74/74 MP: 20/20
 11363 | Lair:1   | Found a sacrificial altar of Ru.
 11367 | Lair:1   | Reached skill level 1 in Evocations
 11795 | Lair:2   | Reached skill level 1 in Shapeshifting
 12739 | Lair:3   | Found a staircase to the Swamp.
 13013 | Lair:3   | Reached ****** piety under Hepliaklqana
 13089 | Lair:3   | Found a staircase to the Snake Pit.
 13311 | Lair:3   | Reached skill level 5 in Shapeshifting
 13751 | Lair:4   | Found a staircase to the Slime Pits.
 14283 | Lair:5   | Entered Level 5 of the Lair of Beasts
 14460 | Lair:5   | Reached XP level 14. HP: 81/81 MP: 21/21
 14460 | Lair:5   | Acquired a supersubsystem LR-10 {Gadgeteer, Will+ Slay+3}
 14945 | Lair:5   | Reached skill level 5 in Evocations
 15877 | Orc:1    | Entered Level 1 of the Orcish Mines
 15974 | Orc:2    | Entered Level 2 of the Orcish Mines
 15974 | Orc:2    | Found a staircase to the Elven Halls.
 16135 | Orc:1    | You fall into a shaft and drop 1 floor!
 16629 | Orc:2    | Noticed Snorg
 16634 | Orc:2    | Killed Snorg
 16635 | Orc:2    | Reached skill level 5 in Fighting
 16800 | Orc:2    | Reached XP level 15. HP: 92/92 MP: 22/22
 16871 | Orc:2    | Reached skill level 10 in Evocations
 16874 | Orc:2    | Reached skill level 5 in Dodging
 17128 | Orc:2    | Found Rolinwuc's Book Shop.
 17241 | Orc:2    | Found Todd's Magic Scroll Boutique.
 17274 | Orc:2    | Found a roughly hewn altar of Beogh.
 17301 | Orc:2    | Found Galag's General Store.
 17309 | Orc:2    | Bought a potion of resistance for 100 gold pieces
 17366 | Orc:2    | Found Cenludgh's General Store.
 17565 | Orc:2    | Bought a scroll of blinking for 105 gold pieces
 17565 | Orc:2    | Bought a scroll of enchant weapon for 105 gold pieces
 18831 | D:13     | Found a gate to the Vaults.
 19786 | D:14     | Noticed Rupert
 19792 | D:14     | Killed Rupert
 19944 | D:14     | Reached XP level 16. HP: 104/104 MP: 23/23
 19998 | D:14     | Found a broken altar of Ashenzari.
 20051 | D:14     | Noticed Agnes
 20056 | D:14     | Killed Agnes
 20312 | D:15     | Entered Level 15 of the Dungeon
 20620 | D:15     | Found a staircase to the Depths.
 20665 | D:15     | Noticed Josephine
 20668 | D:15     | Killed Josephine
 20672 | D:15     | Reached skill level 15 in Evocations
 20938 | D:15     | Found a roughly hewn altar of Beogh.
 21348 | Swamp:1  | Entered Level 1 of the Swamp
 21348 | Swamp:1  | Found a glacial archway.
 21414 | IceCv    | Entered an ice cave
 21855 | IceCv    | Noticed an Ice Fiend
 21855 | IceCv    | Noticed an Ice Fiend
 22300 | Swamp:1  | Noticed Nikola
 22308 | Swamp:1  | Killed Nikola
 23147 | Swamp:2  | Reached XP level 17. HP: 114/114 MP: 24/24
 23435 | Swamp:2  | You fall into a shaft and drop 1 floor!
 24006 | Swamp:3  | Reached skill level 10 in Fighting
 24237 | Swamp:4  | Entered Level 4 of the Swamp
 24605 | Swamp:4  | Reached skill level 10 in Dodging
 25424 | Swamp:4  | Noticed Donald
 25430 | Swamp:4  | Killed Donald
 25870 | Swamp:4  | Got a decaying rune of Zot
 26123 | Snake:1  | Entered Level 1 of the Snake Pit
 26159 | Snake:1  | Found Tainaaff's Book Boutique.
 26161 | Snake:1  | Found Ythraib's Antique Weapon Boutique.
 26161 | Snake:1  | Found Ciruit's Book Shop.
 26164 | Snake:1  | Found Faesik's Armour Shop.
 26242 | Snake:1  | Reached XP level 18. HP: 111/126 MP: 25/25
 26769 | Snake:1  | Identified the +10 hand axe of Agony {elec, rElec Dex+3}
 28335 | Snake:2  | Acquired a +5 hand cannon of flaming
 29700 | Snake:3  | Identified the +4 leather armour of Myirphaw {rPois Str+5
                  | Int-4}
 30025 | Snake:4  | Entered Level 4 of the Snake Pit
 30331 | Snake:4  | Found Usuowor's Jewellery Shop.
 30364 | Snake:4  | Reached XP level 19. HP: 137/137 MP: 26/26
 30440 | Snake:4  | Got Zaruwic's Cyclopedia of Flames
 30512 | Snake:4  | Reached skill level 15 in Fighting
 31120 | Snake:4  | Got a serpentine rune of Zot
 31771 | Elf:1    | Entered Level 1 of the Elven Halls
 31773 | Elf:1    | Paralysed by an air elemental for 1 turns
 31846 | Elf:1    | Paralysed by an air elemental for 1 turns
 31873 | Elf:1    | Noticed Kirke
 31877 | Elf:1    | Killed Kirke
 32131 | Elf:1    | Identified the ring "Vuizo" {Wiz rC+ Will+}
 32142 | Elf:1    | Found Vefa's Weapon Boutique.
 32142 | Elf:1    | Noticed Roxanne
 32515 | Elf:1    | Reached skill level 15 in Dodging
 32544 | Elf:1    | Killed Roxanne
 32604 | Elf:1    | Found Dit Baeg's Antique Weapon Shop.
 33023 | Elf:2    | Found Ocobosh's Antique Weapon Shoppe.
 33407 | Elf:2    | Found a radiant altar of Vehumet.
 33516 | Elf:2    | Reached XP level 20. HP: 144/150 MP: 27/27
 33757 | Elf:2    | Found a huge runed translucent gate.
 33757 | Elf:2    | Found a huge runed translucent gate.
 33757 | Elf:2    | Found a huge runed translucent gate.
 33757 | Elf:2    | Found a huge runed translucent gate.
 33757 | Elf:2    | Found a huge runed translucent gate.
 34317 | Elf:3    | Entered Level 3 of the Elven Halls
 34502 | Vaults:1 | Entered Level 1 of the Vaults
 35205 | Vaults:1 | Found a runed translucent gate.
 35205 | Vaults:1 | Found a runed translucent gate.
 35205 | Vaults:1 | Found a runed translucent gate.
 35205 | Vaults:1 | Found an ancient bone altar of Kikubaaqudgha.
 35205 | Vaults:1 | Noticed an ancient lich
 35207 | Vaults:1 | Noticed Fubrub's ghost (veteran GnWr)
 35267 | Vaults:1 | Found a huge runed translucent gate.
 35267 | Vaults:1 | Found a huge runed translucent gate.
 35267 | Vaults:1 | Found a huge runed translucent gate.
 35267 | Vaults:1 | Found a huge runed translucent gate.
 35267 | Vaults:1 | Found a huge runed translucent gate.
 35267 | Vaults:1 | Found a huge runed translucent gate.
 35267 | Vaults:1 | Found a huge runed translucent gate.
 35267 | Vaults:1 | Found a huge runed translucent gate.
 35267 | Vaults:1 | Found a huge runed translucent gate.
 35272 | Vaults:1 | Found a huge runed translucent gate.
 35272 | Vaults:1 | Found a huge runed translucent gate.
 35272 | Vaults:1 | Found a huge runed translucent gate.
 35272 | Vaults:1 | Found a huge runed translucent gate.
 35272 | Vaults:1 | Found a huge runed translucent gate.
 35272 | Vaults:1 | Found a huge runed translucent gate.
 35273 | Vaults:1 | Found a huge runed translucent gate.
 35274 | Vaults:1 | Found a huge runed translucent gate.
 35275 | Vaults:1 | Found a huge runed translucent gate.
 35276 | Vaults:1 | Found a huge runed translucent gate.
 35277 | Vaults:1 | Found a huge runed translucent gate.
 35277 | Vaults:1 | Found a huge runed translucent gate.
 35282 | Vaults:1 | Found a huge runed translucent gate.
 35283 | Vaults:1 | Found a huge runed translucent gate.
 35284 | Vaults:1 | Found a huge runed translucent gate.
 35284 | Vaults:1 | Found a huge runed translucent gate.
 35286 | Vaults:1 | Found a huge runed translucent gate.
 35287 | Vaults:1 | Found a huge runed translucent gate.
 35288 | Vaults:1 | Found a huge runed translucent gate.
 35289 | Vaults:1 | Found a huge runed translucent gate.
 35289 | Vaults:1 | Found a huge runed translucent gate.
 35303 | Vaults:1 | Found a huge runed translucent gate.
 35304 | Vaults:1 | Found a huge runed translucent gate.
 35304 | Vaults:1 | Found a huge runed translucent gate.
 35304 | Vaults:1 | Found a huge runed translucent gate.
 35304 | Vaults:1 | Found a huge runed translucent gate.
 35306 | Vaults:1 | Found a huge runed translucent gate.
 35468 | Vaults:1 | Noticed Zenata
 35668 | Vaults:1 | Slain by a +0 vampiric war axe

Illustrated notes

Levels and vault maps discovered:
D:1:      dpeg_arrival_three_bigger_balls, layout_loops_ring
D:2:      layout_basic, nicolae_eternal_life
D:3:      layout_basic, overflow_temple_1_default,
          mainiacjoe_overflow_boulevard, mainiacjoe_overflow_big_doors,
          hellmonk_ecumenical_altar_dog_temple, uniq_robin, uniq_natasha,
          uniq_ijyb
D:4:      layout_gridville, serial_shops, nicolae_lakefront_shop, st_stairs_14
D:5:      layout_cave_pools, lemuel_coloured_pillars_altar, lemuel_tele_altar
D:6:      layout_rooms, gammafunk_temple_overflow_elements, kennysheep_path_1
D:7:      layout_layer_cave, grunt_temple_overflow_growth_and_decay,
          old_standard_altar, minmay_misc_feat_enclosed, minmay_manual_mares
D:8:      layout_loops_cross, gammafunk_ghost_smash, doesnt_shop_hydraphobe,
          uniq_prince_ribbit1, uniq_psyche
D:9:      layout_basic, gammafunk_temple_overflow_statue
D:10:     minmay_the_grid_triangle_9x9_rhombus_thin_mashed
          [minmay_the_grid_triangle_9x9_flanged_cone,
          minmay_the_grid_triangle_9x9_prize_insulated,
          minmay_the_grid_triangle_9x9_impossible_snake,
          minmay_the_grid_triangle_9x9_checkered], layout_rooms, serial_demonic,
          serial_demonic_a, serial_demonic_d, serial_demonic_c,
          serial_demonic_d, enter_bailey_4
D:11:     minmay_evil_eye, layout_loops_corners
D:12:     layout_rooms, orc_0_dummy
D:13:     layout_long_grid, hangedman_vaults_entry_quadrant_bands,
          kennysheep_generic_room_8
D:14:     layout_basic, nicolae_ashenzari_skybound,
          hangedman_cracks_in_the_wall, uniq_rupert, uniq_agnes
D:15:     gammafunk_depths_entry_grave, layout_basic, special_room
          [special_room_orc], minmay_misc_feat_alley, hex_large, uniq_josephine
Temple:   chequers_temple_sunken
Lair:1:   layout_regular_city, lemuel_centaur_altar, grunt_megastairs_2
Lair:2:   layout_cellular_growth, st_stairs_13, lemuel_old_faithful,
          wad_woods_river_01
Lair:3:   layout_gridlike, skrybe_swamp_entry_bodies,
          nicolae_snake_entry_squirm, serial_bayou_lagoon_b
Lair:4:   layout_small_grid, slime_entry_1, serial_bayou_shore_a,
          serial_bayou_shore_b
Lair:5:   evilmike_catoblepas_cave, layout_layer_cave,
          pdpol_lair_cavern_descent, grunt_megastairs_1
Swamp:1:  layout_basic_swamp, portal_ice_cave_entry_ice_statue_two,
          hangedman_swamp_lotus, swamp_pool_3, nicolae_swamp_bean_lake,
          uniq_nikola
Swamp:2:  layout_falls_marsh, serial_swamp_ruin, evilmike_swamp_ruin_rubble_1,
          hangedman_swamp_ruin_wall, evilmike_swamp_ruin_house_3, swamp_pool_1_2
Swamp:3:  layout_basic_swamp, hangedman_swamp_cone,
          nicolae_swamp_decorative_isthmus
Swamp:4:  nzn_swamp_witches_coven, layout_basic_swamp,
          nicolae_swamp_dragon_and_kin, uniq_donald
Snake:1:  layout_basic, nicolae_snake_guarding_the_ruins, minmay_shoptagon
Snake:2:  layout_layer_cave, grunt_ministairs_2, nicolae_snake_linked_coils,
          lemuel_fruit_tree
Snake:3:  layout_cave_pods
Snake:4:  minmay_snake_end_coiled, layout_basic, serial_shops,
          nicolae_shop_rolling_square, nicolae_snake_mages_go_home
Orc:1:    layout_diamond_mine
Orc:2:    st_orc_town, layout_diamond_mine, uniq_snorg
Elf:1:    nicolae_elf_arrival_aired_out, layout_loops_ring, serial_shops, shop,
          shop, minmay_elf_crystal_heptagon, kilobyte_mutagenic_chamber,
          uniq_kirke, uniq_roxanne
Elf:2:    elven_hall_of_blades_hangedman_alternative
          [nooodl_blade_entry_preview], layout_geoelf_diagonals, serial_shops,
          nicolae_diamond_shop, david_defended_altar_elf
Elf:3:    nooodl_elf_gasket, layout_onion_city, serial_shops, shop,
          lemuel_flamethrower_3
Vaults:1: gammafunk_ghost_crypt, nicolae_vaults_puzzle_piece,
          nicolae_vaults_corpse_flower, v_misc_27, nicolae_vaults_alarming,
          nicolae_vaults_network_square, v_misc_14, vaults_room_corners,
          nicolae_vaults_six-pack, nicolae_vaults_apartment_2, v_misc_14,
          vaults_dpeg_emergency_exit, serial_library_hellmonk_big_corner,
          nicolae_vaults_apartment_1, nicolae_vaults_octothorpe,
          not_door_vault_mu, layout_vaults_maze, uniq_zenata

Skill      XL: |  1  2  3  4  5  6  7  8  9 10 11 12 13 14 15 16 17 18 19 20 |
---------------+-------------------------------------------------------------+-----
Ranged Weapons | 4 5 6 7 8 10 13 14 15 16 17 18 | 18.0
Invocations    | 4 8 10 | 10.0
Evocations     | 3 9 13 17 | 17.8
Shapeshifting  | 5 7 |  7.0
Dodging        | 4 7 8 11 13 15 16 | 16.7
Fighting       | 5 7 9 12 14 16 18 | 18.1
Stealth        | |  0.7

Action                     |  1- 3 |  4- 6 |  7- 9 | 10-12 | 13-15 | 16-18 | 19-21 || total
---------------------------+-------+-------+-------+-------+-------+-------+-------++-------
   Fire: Sling             |   102 |   222 |   208 |   295 |   625 |   615 |       ||  2067
         Hand cannon       |       |       |    80 |   295 |   625 |   865 |   818 ||  2683
  Throw: Throwing net      |       |       |       |       |     1 |       |       ||     1
 Invoke: Ancestor Identity |     1 |       |       |       |       |       |       ||     1
         Recall Ancestor   |       |     2 |       |     1 |     2 |     7 |     4 ||    16
         Ancestor Life: Ba |       |     1 |       |       |       |       |       ||     1
         Idealise          |       |       |       |       |     2 |     8 |     2 ||    12
         Transference      |       |       |       |       |       |       |     1 ||     1
Ability: Invent Gizmo      |       |       |       |       |     1 |       |       ||     1
  Evoke: Phantom mirror    |       |       |       |       |       |       |     1 ||     1
    Use: Scroll            |     2 |     5 |     6 |    13 |    10 |     8 |    10 ||    54
         Potion            |       |       |       |     2 |     4 |     2 |     6 ||    14
 Armour: Leather armour    |     5 |    19 |       |       |       |       |       ||    24
         Swamp dragon scal |       |     3 |     1 |       |       |       |       ||     4
         Robe              |       |       |    18 |    21 |    44 |    77 |    51 ||   211
  Dodge: Dodged            |     6 |    13 |    17 |    20 |    30 |    82 |    78 ||   246
   Form: Beast             |       |       |       |       |     1 |     1 |       ||     2
                           |       |       |       |       |       |     1 |       ||     1

Table legend: (Time is in decaauts)
 A = Elapsed time spent in this place.
 B = Non-inter-level travel time spent in this place.
 C = Inter-level travel time spent in this place.
 D = Time resting spent in this place.
 E = Time spent auto-exploring this place.
 F = Levels seen in this place.
 G = Mean time per level.
                   A        B        C        D        E       F      G
               +--------+--------+--------+--------+--------+-----+--------+
         Total |  35783 |  32421 |   3362 |   6465 |  21502 |  37 |  967.1 |
       Dungeon |  14404 |  12840 |   1564 |   2496 |   8658 |  15 |  960.3 |
        Temple |      1 |      1 |      0 |      0 |      0 |   1 |    1.0 |
          Lair |   5313 |   4633 |    680 |    170 |   3970 |   5 | 1062.6 |
         Swamp |   4437 |   4184 |    253 |   1033 |   2652 |   4 | 1109.2 |
     Snake Pit |   5343 |   4909 |    434 |   1094 |   3111 |   4 | 1335.8 |
  Orcish Mines |   1883 |   1662 |    221 |    547 |    887 |   2 |  941.5 |
   Elven Halls |   2659 |   2451 |    208 |    878 |   1192 |   3 |  886.3 |
        Vaults |    968 |    968 |      0 |      0 |    807 |   1 |  968.0 |
        Bailey |    304 |    304 |      0 |     45 |    175 |   1 |  304.0 |
      Ice Cave |    465 |    465 |      0 |    200 |     48 |   1 |  465.0 |
               +--------+--------+--------+--------+--------+-----+--------+

Top non-repeatable levels by time:
    D:13: 1888 daAuts
 Swamp:4: 1701 daAuts
     D:3: 1490 daAuts
 Snake:2: 1456 daAuts
 Snake:1: 1416 daAuts
   Orc:2: 1381 daAuts
  Lair:5: 1356 daAuts
   Elf:2: 1352 daAuts
  Lair:2: 1306 daAuts
   Elf:1: 1301 daAuts
    D:11: 1275 daAuts
 Snake:4: 1239 daAuts
 Snake:3: 1231 daAuts
 Swamp:1: 1141 daAuts
     D:2: 1141 daAuts
